 Dungeon Crawl Stone Soup version 0.30-a0-305-g026cb31310 (webtiles) character file.

Game seed: 16564211454665505490

1108 koil the Covert (level 8, 0/35 (42) HPs)
             Began as a Spriggan Brigand on Oct 23, 2022.
             Slain by a wight
             ... wielding a +3 flail
              (3 damage)
             ... on level 6 of the Dungeon.
             The game lasted 00:13:35 (4672 turns).

koil the Covert (Spriggan Brigand)                  Turns: 4672, Time: 00:13:36

HP:   0/35 (42)     AC:  3    Str:  7    XL:     8   Next: 11%
MP:   16/16         EV: 19    Int: 15    God:
Gold: 269           SH:  0    Dex: 16    Spells: 16/16 levels left

rFire   . . .      SeeInvis +    g - +1 short sword (drain)
rCold   . . .      Faith    .    (no shield)
rNeg    . . .      Spirit   .    b - +0 robe
rPois   .          Reflect  .    (helmet restricted)
rElec   .          Harm     .    c - +0 cloak
rCorr   .          Rampage  .    (gloves unavailable)
Will    ++...                    (boots unavailable)
Stlth   ++++......               (no amulet)
HPRegen 0.25/turn                D - ring of willpower
MPRegen 0.15/turn                (no ring)

@: heavily drained, very quick
A: very small, no large weapons, unfitting armour, see invisible, speed 3
a: no special abilities


You were on level 6 of the Dungeon.
You visited 1 branch of the dungeon, and saw 6 of its levels.

You collected 269 gold pieces.

Inventory:

Hand Weapons
 a - a +2 dagger
 d - a +1 whip of pain
 g - a +1 short sword of draining (weapon)
 H - a +0 dagger of speed
 I - a +0 dagger of protection
 K - a +1 vorpal flail
 L - a +2 whip of holy wrath
 Q - a +0 vorpal spear
 S - the +3 trident "Niacom" {vorpal, rPois}
   (You found it on level 6 of the Dungeon)

   It inflicts extra damage upon your enemies.
   rPois:     It protects you from poison.
Missiles
 e - a curare-tipped dart
 w - a throwing net (quivered)
 A - 4 atropa-tipped darts
 M - 8 poisoned darts
Armour
 b - a +0 robe (worn)
 c - a +0 cloak (worn)
Magical Staves
 q - a staff of earth
Jewellery
 D - a ring of willpower (left hand)
Wands
 y - a wand of paralysis (16)
 G - a wand of acid (7)
 O - a wand of mindburst (14)
 P - a wand of digging (9)
Scrolls
 f - 6 scrolls of teleportation {unknown}
 j - 2 scrolls of poison {unknown}
 r - a scroll of enchant weapon {unknown}
 t - a scroll of blinking {unknown}
 u - a scroll of noise {unknown}
 v - 6 scrolls of identify {unknown}
 x - a scroll of vulnerability {unknown}
 C - 4 scrolls of amnesia {unknown}
 J - 3 scrolls of immolation {unknown}
 N - a scroll of magic mapping {unknown}
 R - a scroll of silence {unknown}
Potions
 h - 3 potions of brilliance {unknown}
 i - a potion of invisibility {unknown}
 k - a potion of cancellation {unknown}
 l - a potion of lignification {unknown}
 m - 2 potions of might {unknown}
 n - 2 potions of haste {unknown}
 o - 3 potions of mutation {unknown}
 p - a potion of berserk rage {unknown}
 s - a potion of curing {unknown}
 z - a potion of magic {unknown}
 B - 2 potions of ambrosia
 E - a potion of resistance {unknown}
 F - a potion of attraction {unknown}


   Skills:
 + Level 3.8 Fighting
 + Level 5.0 Short Blades
 - Level 2.0 Throwing
 + Level 5.6 Dodging
 + Level 9.0 Stealth
 + Level 4.8 Spellcasting


You had 16 spell levels left.
You didn't know any spells.
Your spell library contained the following spells:

 Spells                   Type           Power      Damage    Failure   Level
 Apportation              Tloc           6%         N/A       17%         1
 Necrotise                Necr           12%        1d4       17%         1
 Sandblast                Erth           6%         2d5       17%         1
 Summon Small Mammal      Summ           12%        N/A       17%         1
 Passwall                 Tmut/Erth      2%         N/A       26%         2
 Stone Arrow              Conj/Erth      6%         3d7       45%         3


Dungeon Overview and Level Annotations

Branches:
Dungeon (6/15)
 Temple: D:4-7

Altars:
Dithmenos
Gozag
Ru

Annotations:
D:5 2 transporters, sleeves's ghost, novice OpTm


Innate Abilities, Weirdness & Mutations

You are very small and have problems with some larger weapons.
You are too small for most types of armour.
You have supernaturally acute eyesight. (SInv)
You cover ground extremely quickly. (Speed+++)


Message History

The adder is almost dead.
The adder closely misses you.
You hit the adder but do no damage. You drain the adder.
You kill the adder!
Your Stealth skill increases to level 9!
No target in view!
No target in view!
You now have 269 gold pieces (gained 11).
Found a stone staircase leading down.
w - a throwing net
There is a stone staircase leading down here.
C - 4 scrolls labelled HOXTOM ETINIFO (gained 3)
Things that are here:
a +0 halberd; a gnoll corpse
h - 3 murky orange potions (gained 1)
You see here a +0 flail.
J - 3 scrolls labelled ZELEN MAAMEO (gained 1)
R - a scroll labelled ROSEONT DOIKORR The wight hits you with a +5 falchion!
You hit the wight but do no damage. You closely miss the wight.
The wight barely misses you.
You hit the wight.
The wight is moderately damaged.
The wight hits you with a +5 falchion!
You feel drained.
You see here a +0 dagger.
The wight closely misses you.
Things that are here:
a +0 club; an iguana corpse; a bullfrog corpse The centaur shouts!
The centaur shoots an arrow.
The arrow hits you!
* * * LOW HITPOINT WARNING * * *
The centaur shoots an arrow.
The arrow hits you!
* * * LOW HITPOINT WARNING * * *
You see here the +3 trident "Niacom" {vorpal, rPois}.
S - the +3 trident "Niacom" {vorpal, rPois} The centaur shoots an arrow.
The arrow closely misses you. 2 lemures come into view.
The lemure shouts!
You hear a shout! x2
The wight hits you with a +3 flail.
You die...

#.##.##.# ##.##.##)#####
##...#...[)...#
##.......z)....#
##.......##.#####
##......z..#.#
........z..#)#############
.#....)...z#.#.........55.
.##.......##.#..@z.######
.###.........z......c..# .#
##...##.........###.#
.#########...........#.#######
....z............###.#c.......
.##########...##.###..........
.# ##...........####### .#
#.<##.###...# .# #..##..##...#


You could see a lemure (wandering), a centaur and 2 wights.

Vanquished Creatures
  A black bear (D:5)
  2 ogres (D:4)
  A bullfrog (D:6)
  A gnoll sergeant (D:6)
  A scorpion (D:5)
  2 howler monkeys (D:5)
  2 hounds (D:4)
  A jelly (D:5)
  A gnoll bouda (D:5)
  3 iguanas
  4 orc wizards
  4 adders
  14 gnolls
  A shadow imp (D:6)
  An ufetubus (D:4)
  2 worms
  4 dart slugs
  4 orcs (D:4)
  9 ball pythons
  5 bats
  7 endoplasms
  5 giant cockroaches
  7 goblins
  5 hobgoblins
  4 quokkas
  4 frilled lizards
  10 kobolds
  9 rats
114 creatures vanquished.

Notes
Turn   | Place    | Note
-------+----------+-------------------------------------------
     0 | D:1      | koil the Spriggan Brigand began the quest for the Orb.
     0 | D:1      | Reached XP level 1. HP: 10/10 MP: 2/2
    84 | D:1      | Reached skill level 6 in Stealth
   109 | D:1      | Reached XP level 2. HP: 15/15 MP: 2/4
   260 | D:1      | Reached skill level 1 in Spellcasting
   743 | D:1      | Reached XP level 3. HP: 17/18 MP: 5/5
  1318 | D:2      | Reached XP level 4. HP: 4/23 MP: 7/7
  1507 | D:2      | HP: 1/23 [gnoll/+0 flail (10)]
  1623 | D:2      | HP: 1/23 [gnoll/+0 flail (10)]
  2339 | D:3      | Found a faded altar of an unknown god.
  2399 | D:4      | You fall into a shaft and drop 1 floor!
  2399 | D:5      | Entered Level 5 of the Dungeon
  2610 | D:4      | Reached XP level 5. HP: 27/27 MP: 9/9
  2775 | D:4      | Reached skill level 7 in Stealth
  2809 | D:4      | Noticed an ogre
  2833 | D:4      | Killed an ogre
  2834 | D:4      | Reached XP level 6. HP: 32/32 MP: 9/11
  3276 | D:5      | Found a sacrificial altar of Ru.
  3376 | D:5      | Found an opulent altar of Gozag.
  3386 | D:5      | Found a transporter.
  3387 | D:5      | Found a transporter.
  3391 | D:5      | Reached XP level 7. HP: 36/36 MP: 13/13
  3420 | D:5      | Reached skill level 8 in Stealth
  3525 | D:5      | Noticed a hornet
  3576 | D:5      | Found a shadowy altar of Dithmenos.
  4049 | D:5      | Reached skill level 5 in Dodging
  4175 | D:5      | Noticed sleeves's ghost (novice OpTm)
  4432 | D:6      | Reached skill level 5 in Short Blades
  4432 | D:6      | Reached XP level 8. HP: 42/42 MP: 14/16
  4586 | D:6      | Reached skill level 9 in Stealth
  4657 | D:6      | HP: 1/35 [centaur/arrow (7)]
  4660 | D:6      | Identified the +3 trident "Niacom" {vorpal, rPois}
  4672 | D:6      | Slain by a wight

Illustrated notes

Levels and vault maps discovered:
D:1:      wander_arrival_chamber, layout_loops_cross, nicolae_eternal_life
D:2:      layout_rooms, amcnicky_mini_corridor_feature
D:3:      layout_rooms, shapermc_ecumenical_altar_mp_highgroup, chequers_garden
D:4:      layout_loops_cross
D:5:      layout_loops_ring, nicolae_dithmenos_shadow_blocks,
          overflow_temple_1_default, grunt_gozag_statues, gammafunk_ghost_hive
D:6:      layout_loops_ring, mainiacjoe_overflow_large_starburst, zin_purify,
          minmay_temple_entry_proselytizer, gammafunk_ghost_necromancy,
          uniq_pikel

Skill      XL: |  1  2  3  4  5  6  7  8 |
---------------+-------------------------+-----
Stealth        | 6 7 8 9 |  9.0
Spellcasting   | 1 2 3 4 |  4.8
Dodging        | 2 3 4 5 |  5.6
Fighting       | 2 3 |  3.8
Short Blades   | 3 4 5 |  5.0
Throwing       | |  2.0

Action                   |  1- 3 |  4- 6 |  7- 9 || total
-------------------------+-------+-------+-------++-------
Melee: Dagger            |    42 |       |       ||    42
       Short sword       |    86 |   123 |   125 ||   334
       Punch             |     1 |     2 |     2 ||     5
Throw: Dart              |     3 |    16 |    16 ||    35
       Throwing net      |       |       |     7 ||     7
 Stab: Sleeping          |    13 |    12 |     4 ||    29
       Distracted        |       |     1 |       ||     1
Armor: Robe              |    10 |     7 |     7 ||    24
Dodge: Dodged            |    83 |    93 |    80 ||   256

Table legend: (Time is in decaauts)
 A = Elapsed time spent in this place.
 B = Non-inter-level travel time spent in this place.
 C = Inter-level travel time spent in this place.
 D = Time resting spent in this place.
 E = Time spent auto-exploring this place.
 F = Levels seen in this place.
 G = Mean time per level.
                   A        B        C        D        E       F      G
               +--------+--------+--------+--------+--------+-----+--------+
         Total |   3311 |   3136 |    175 |    222 |   2040 |   6 |  551.8 |
       Dungeon |   3311 |   3136 |    175 |    222 |   2040 |   6 |  551.8 |
               +--------+--------+--------+--------+--------+-----+--------+

Top non-repeatable levels by time:
     D:5: 803 daAuts
     D:2: 794 daAuts
     D:4: 596 daAuts
     D:1: 556 daAuts
     D:3: 356 daAuts
     D:6: 205 daAuts
